Arizona Coyotes vs San Jose Sharks
Created - Saturday, February 17, 2024 at 08:21
Goals
|
| Arizona Coyotes |
0 |
2 |
0 |
2 |
| San Jose Sharks |
2 |
2 |
4 |
8 |
|
Shots
|
| Arizona Coyotes |
14 |
15 |
8 |
37 |
| San Jose Sharks |
10 |
8 |
19 |
37 |
|
1st period
1. San Jose Sharks , Christian Dvorak 2 (Ivan Barbashev 8, William Karlsson 4) at 11:48 (PP)
2. San Jose Sharks , Ivan Barbashev 3 (Christian Dvorak 8, Adam Henrique 4) at 12:45
Penalties :
Jaroslav Halak (AZC) for Slashing (Minor) at 4:27 - Charlie Coyle served the penalty, Radko Gudas (AZC) for Hooking (Minor) at 10:54
2nd period
3. Arizona Coyotes , Ondrej Palat 2 (Erik Haula 1, Jakob Silfverberg 2) at 8:25
4. San Jose Sharks , Christian Dvorak 3 (Zachary Werenski 5) at 8:35
5. Arizona Coyotes , Mats Zuccarello 4 (Claude Giroux 6) at 9:21
6. San Jose Sharks , Valeri Nichushkin 7 (William Karlsson 5) at 13:39
Penalties :
Matt Dumba (AZC) for Roughing (Minor) at 3:45, Connor Murphy (SJS) for Holding (Minor) at 17:52
3rd period
7. San Jose Sharks , Valeri Nichushkin 8 (Christopher Tanev 3, Dylan Strome 10) at 2:06
8. San Jose Sharks , Ryan Hartman 4 (Zachary Werenski 6, Jack Roslovic 4) at 4:07
9. San Jose Sharks , Christian Dvorak 4 (Adam Henrique 5) at 6:37
10. San Jose Sharks , Ivan Barbashev 4 (William Karlsson 6, Christian Dvorak 9) at 10:49 (PP)
Penalties :
T.J. Oshie (AZC) for Roughing (Minor) at 9:23, T.J. Oshie (AZC) for Holding (Minor) at 19:29
Goalie Stats
Jaroslav Halak (AZC), 22 saves from 27 shots - (0.815), L, 0-1-0, 44:28 minutes
Carter Hart (AZC), 7 saves from 10 shots - (0.700), 15:32 minutes
Ilya Samsonov (SJS), 35 saves from 37 shots - (0.946), W, 7-2-2, 60:00 minutes
Players Stats for Arizona Coyotes
Player Name G A P +/- PIM S H SB GA TA FO MP PP MP PK MP
------------------------------------------------------------------------------------
Alex Belzile 0 0 0 0 0 0 0 0 0 0 1/3 7:24 0:00 0:00
Brandon Tanev 0 0 0 0 0 2 2 0 0 0 1/1 7:39 0:00 0:15
Brayden McNabb 0 0 0 -4 0 1 2 2 0 0 0/0 20:27 1:14 0:00
Charlie Coyle 0 0 0 -2 0 4 4 0 1 2 7/10 20:41 1:11 3:11
Claude Giroux 0 1 1 -2 0 3 1 4 0 1 16/32 21:41 1:11 4:11
Dmitry Orlov 0 0 0 -4 0 0 0 2 2 2 0/0 24:00 0:45 3:34
Erik Haula 0 1 1 0 0 3 1 0 0 0 5/8 15:33 0:00 2:17
Jakob Silfverberg 0 1 1 0 0 3 0 0 1 0 0/1 14:05 0:00 0:53
James van Riemsdyk 0 0 0 0 0 4 0 0 0 0 0/0 7:24 0:00 0:00
Jani Hakanpaa 0 0 0 0 0 0 2 2 0 0 0/0 22:41 1:14 3:14
Jared Spurgeon 0 0 0 0 0 1 0 1 0 0 0/0 22:18 0:45 3:02
Mason McTavish 0 0 0 -2 0 2 0 1 1 0 1/2 15:34 0:48 0:32
Mats Zuccarello 1 0 1 -2 0 4 0 0 2 0 1/2 17:30 1:11 0:00
Matt Dumba 0 0 0 0 2 0 0 0 0 1 0/0 15:56 0:00 2:24
Ondrej Palat 1 0 1 0 0 5 0 0 1 0 1/1 13:12 0:00 0:00
Radko Gudas 0 0 0 0 2 1 2 1 0 0 0/0 14:40 0:00 1:22
T.J. Oshie 0 0 0 -2 4 2 3 0 0 0 0/0 15:00 0:48 0:00
Tyler Seguin 0 0 0 -2 0 2 0 1 0 0 4/10 17:23 0:48 2:17
Players Stats for San Jose Sharks
Player Name G A P +/- PIM S H SB GA TA FO MP PP MP PK MP
------------------------------------------------------------------------------------
Adam Henrique 0 2 2 3 0 2 1 1 0 0 12/24 18:50 3:04 1:04
Andreas Athanasiou 0 0 0 0 0 1 1 0 0 0 0/0 8:54 0:00 0:00
Anthony Deangelo 0 0 0 1 0 1 0 0 0 0 0/0 13:25 0:00 0:00
Christian Dvorak 3 2 5 3 0 6 1 0 0 0 1/1 18:21 3:44 0:00
Christopher Tanev 0 1 1 2 0 1 0 0 0 1 0/0 19:51 3:22 0:27
Connor Murphy 0 0 0 2 2 2 1 1 0 0 0/0 19:25 3:22 0:00
Derek Forbort 0 0 0 1 0 1 2 0 0 3 0/0 26:44 3:26 1:32
Dylan Strome 0 1 1 0 0 3 0 0 0 0 0/2 18:39 3:04 0:55
Ilya Mikheyev 0 0 0 1 0 4 0 1 0 0 0/1 13:00 0:00 0:00
Ivan Barbashev 2 1 3 3 0 3 0 1 3 1 0/0 18:21 3:44 0:00
Jack Roslovic 0 1 1 1 0 4 0 0 0 1 0/0 13:00 0:00 0:00
John Hayden 0 0 0 0 0 0 2 1 0 0 3/7 8:54 0:00 0:00
Ryan Hartman 1 0 1 1 0 3 1 0 0 0 2/8 13:00 0:00 0:00
Simon Nemec 0 0 0 1 0 0 1 1 0 0 0/0 13:52 0:00 0:27
Valeri Nichushkin 2 0 2 0 0 3 0 1 2 0 0/3 18:50 3:04 1:04
Victor Olofsson 0 0 0 0 0 3 0 1 1 0 0/0 8:54 0:00 0:00
William Karlsson 0 3 3 0 0 0 1 0 0 1 15/24 19:16 3:44 0:55
Zachary Werenski 0 2 2 1 0 0 1 0 0 1 0/0 26:44 3:26 1:32
3 Stars
1 - Christian Dvorak (SJS)
2 - Ivan Barbashev (SJS)
3 - Valeri Nichushkin (SJS)
Power Play
Arizona Coyotes - 0 on 1 Attempt(s) - 0.00%
San Jose Sharks - 2 on 5 Attempt(s) - 40.00%
Penalty Kill
Arizona Coyotes - 3 on 5 Attempt(s) - 60.00%
- Score 0 goal in Penalty Kill
San Jose Sharks - 1 on 1 Attempt(s) - 100.00%
- Score 0 goal in Penalty Kill
Team Stat
Arizona Coyotes - Hits : 17 - Faceoff Wins : 37 - Blocked Shots : 14 - Penalty Minutes : 10
San Jose Sharks - Hits : 12 - Faceoff Wins : 33 - Blocked Shots : 8 - Penalty Minutes : 2
Official
Referees : Eric Furlatt and Marc Joannette
Linesman : Brian Mach and Trent Knorr
Game Notes
Carter Hart enters game at 8:35 of 2nd period
2:06 of 3rd period - San Jose Sharks goal is going for a video replay. After video review, Goal.
Jaroslav Halak enters game at 4:07 of 3rd period
Christian Dvorak has scored a Hat Trick!
Finance
Level 1 -- Attendance: 4660 (77.67%) -- Ticket Income $452,020
Level 2 -- Attendance: 4632 (92.64%) -- Ticket Income $264,024
Level 3 -- Attendance: 3000 (100.00%) -- Ticket Income $99,000
Level 4 -- Attendance: 4542 (90.84%) -- Ticket Income $99,924
Luxury Box -- Attendance: 1000 (100.00%) -- Ticket Income $193,000
Game was played at the SAP Center at San Jose.
Total Attendance: 17834 (89.17%)
Total Ticket Income: $1,107,968
Other Income: $387,789
Total Income: $1,495,757
Arizona Coyotes
5 vs 5 Forward
Center Left Wing Right Wing Time % Phy DF OF
1 Claude Giroux Mats Zuccarello Charlie Coyle 35 0 2 3
2 Tyler Seguin Mason McTavish T.J. Oshie 30 0 2 3
3 Erik Haula Ondrej Palat Jakob Silfverberg 25 0 3 2
4 Alex Belzile James van Riemsdyk Brandon Tanev 10 0 3 2
5 vs 5 Defense
Defense Defense Time % Phy DF OF
1 Dmitry Orlov Brayden McNabb 40 1 1 1
2 Jani Hakanpaa Jared Spurgeon 35 1 3 1
3 Radko Gudas Matt Dumba 25 1 3 1
4 Dmitry Orlov Jani Hakanpaa 0 1 3 1
PowerPlay Forward
Center Left Wing Right Wing Time % Phy DF OF
1 Claude Giroux Mats Zuccarello Charlie Coyle 60 0 2 3
2 Tyler Seguin Mason McTavish T.J. Oshie 40 0 2 3
PowerPlay Defense
Defense Defense Time % Phy DF OF
1 Dmitry Orlov Jared Spurgeon 50 1 2 2
2 Jani Hakanpaa Brayden McNabb 50 1 2 2
Penalty Kill 4 Players Forward
Center Wing Time % Phy DF OF
1 Charlie Coyle Claude Giroux 55 1 2 2
2 Tyler Seguin Erik Haula 45 1 2 2
Penalty Kill 4 Players Defense
Defense Defense Time % Phy DF OF
1 Dmitry Orlov Matt Dumba 50 1 3 1
2 Jani Hakanpaa Jared Spurgeon 50 1 3 1
Penalty Kill - 3 Players Forward
Forward Time % Phy DF OF
1 Tyler Seguin 50 1 2 2
2 Mason McTavish 50 1 2 2
Penalty Kill - 3 Players Defense
Defense Defense Time % Phy DF OF
1 Dmitry Orlov Radko Gudas 50 1 3 1
2 Jani Hakanpaa Jared Spurgeon 50 1 3 1
4 vs 4 Forward
Center Wing Time % Phy DF OF
1 Charlie Coyle Claude Giroux 50 0 2 3
2 Mats Zuccarello Tyler Seguin 50 0 2 3
4 vs 4 Defense
Defense Defense Time % Phy DF OF
1 Dmitry Orlov Brayden McNabb 50 0 3 2
2 Jani Hakanpaa Jared Spurgeon 50 1 3 1
Last Minutes Offensive
Center Left Wing Right Wing Defense Defense
Charlie Coyle Mats Zuccarello Claude Giroux Dmitry Orlov Brayden McNabb
Last Minutes Defensive
Center Left Wing Right Wing Defense Defense
Charlie Coyle Mats Zuccarello Claude Giroux Dmitry Orlov Brayden McNabb
Goaltenders
Starting : Jaroslav Halak
Backup : Carter Hart
Extra Forwards
Normal : Erik Haula, Ondrej Palat, Jakob Silfverberg - PP : Erik Haula, Ondrej Palat - PK : Jakob Silfverberg
Extra Defensemen
Normal : Radko Gudas, Matt Dumba, Jani Hakanpaa - PP : Radko Gudas - PK : Matt Dumba, Jani Hakanpaa
Penalty Shots
Charlie Coyle, Claude Giroux, Mats Zuccarello, Tyler Seguin, Mason McTavish
San Jose Sharks
5 vs 5 Forward
Center Left Wing Right Wing Time % Phy DF OF
1 William Karlsson Valeri Nichushkin Dylan Strome 30 1 2 2
2 Adam Henrique Christian Dvorak Ivan Barbashev 30 1 2 2
3 Ryan Hartman Ilya Mikheyev Jack Roslovic 25 1 2 2
4 John Hayden Andreas Athanasiou Victor Olofsson 15 1 2 2
5 vs 5 Defense
Defense Defense Time % Phy DF OF
1 Derek Forbort Zachary Werenski 30 1 2 2
2 Christopher Tanev Connor Murphy 30 1 2 2
3 Anthony Deangelo Simon Nemec 25 1 2 2
4 Derek Forbort Zachary Werenski 15 1 2 2
PowerPlay Forward
Center Left Wing Right Wing Time % Phy DF OF
1 Adam Henrique Valeri Nichushkin Dylan Strome 50 1 2 2
2 William Karlsson Christian Dvorak Ivan Barbashev 50 1 2 2
PowerPlay Defense
Defense Defense Time % Phy DF OF
1 Derek Forbort Zachary Werenski 50 1 2 2
2 Christopher Tanev Connor Murphy 50 1 2 2
Penalty Kill 4 Players Forward
Center Wing Time % Phy DF OF
1 Valeri Nichushkin Adam Henrique 50 1 2 2
2 William Karlsson Dylan Strome 50 1 2 2
Penalty Kill 4 Players Defense
Defense Defense Time % Phy DF OF
1 Derek Forbort Zachary Werenski 50 1 2 2
2 Christopher Tanev Connor Murphy 50 1 2 2
Penalty Kill - 3 Players Forward
Forward Time % Phy DF OF
1 Valeri Nichushkin 50 1 2 2
2 Adam Henrique 50 1 2 2
Penalty Kill - 3 Players Defense
Defense Defense Time % Phy DF OF
1 Derek Forbort Zachary Werenski 50 1 2 2
2 Christopher Tanev Connor Murphy 50 1 2 2
4 vs 4 Forward
Center Wing Time % Phy DF OF
1 Valeri Nichushkin Adam Henrique 50 1 2 2
2 William Karlsson Dylan Strome 50 1 2 2
4 vs 4 Defense
Defense Defense Time % Phy DF OF
1 Derek Forbort Zachary Werenski 50 1 2 2
2 Christopher Tanev Connor Murphy 50 1 2 2
Last Minutes Offensive
Center Left Wing Right Wing Defense Defense
Adam Henrique Valeri Nichushkin Dylan Strome Derek Forbort Zachary Werenski
Last Minutes Defensive
Center Left Wing Right Wing Defense Defense
Adam Henrique Valeri Nichushkin Dylan Strome Derek Forbort Zachary Werenski
Goaltenders
Starting : Ilya Samsonov
Backup : Logan Thompson
Extra Forwards
Normal : Ryan Hartman, Jack Roslovic, Andreas Athanasiou - PP : Ryan Hartman, Jack Roslovic - PK : Andreas Athanasiou
Extra Defensemen
Normal : Anthony Deangelo, Simon Nemec, Christopher Tanev - PP : Anthony Deangelo - PK : Simon Nemec, Christopher Tanev
Penalty Shots
Valeri Nichushkin, Adam Henrique, William Karlsson, Dylan Strome, Christian Dvorak
% Time on Ice - Arizona Coyotes
Lines # - Real PCT - Wanted PCT - Time Play
Normal Forward
1 - 32% - 35% - 16:19
2 - 28% - 30% - 14:18
3 - 26% - 25% - 13:12
4 - 14% - 10% - 7:24
Normal Defense
1 - 39% - 40% - 20:02
2 - 35% - 35% - 17:52
3 - 26% - 25% - 13:19
4 - 0% - 0% - 0:00
PP Forward
1 - 60% - 60% - 1:11
2 - 40% - 40% - 0:48
PP Defense
1 - 38% - 50% - 0:45
2 - 62% - 50% - 1:14
PK Forward
1 - 66% - 55% - 4:31
2 - 34% - 45% - 2:17
PK Defense
1 - 63% - 50% - 4:16
2 - 37% - 50% - 2:32
PK3 Forward
1 - 0% - 50%
2 - 0% - 50%
PK3 Defense
1 - 0% - 50%
2 - 0% - 50%
44 Forward
1 - 0% - 50%
2 - 0% - 50%
44 Defense
1 - 0% - 50%
2 - 0% - 50%
Last Minute Offensive - 0:00
Last Minute Defensive - 0:00
Total
Forward - 60:00
Defense - 60:00
|
% Time on Ice - San Jose Sharks
Lines # - Real PCT - Wanted PCT - Time Play
Normal Forward
1 - 29% - 30% - 14:42
2 - 29% - 30% - 14:37
3 - 25% - 25% - 13:00
4 - 17% - 15% - 8:54
Normal Defense
1 - 30% - 30% - 15:16
2 - 31% - 30% - 16:02
3 - 26% - 25% - 13:25
4 - 13% - 15% - 6:30
PP Forward
1 - 45% - 50% - 3:04
2 - 55% - 50% - 3:44
PP Defense
1 - 50% - 50% - 3:26
2 - 50% - 50% - 3:22
PK Forward
1 - 54% - 50% - 1:04
2 - 46% - 50% - 0:55
PK Defense
1 - 77% - 50% - 1:32
2 - 23% - 50% - 0:27
PK3 Forward
1 - 0% - 50%
2 - 0% - 50%
PK3 Defense
1 - 0% - 50%
2 - 0% - 50%
44 Forward
1 - 0% - 50%
2 - 0% - 50%
44 Defense
1 - 0% - 50%
2 - 0% - 50%
Last Minute Offensive - 0:00
Last Minute Defensive - 0:00
Total
Forward - 60:00
Defense - 60:00
|
Play-by-Play
1st period
0:01 of 1st period - William Karlsson wins face-off versus Claude Giroux in neutral zone.
0:03 of 1st period - Off-side.
0:04 of 1st period - William Karlsson wins face-off versus Claude Giroux in neutral zone.
0:22 of 1st period - Off-side.
0:23 of 1st period - Tyler Seguin wins face-off versus Adam Henrique in neutral zone.
0:26 of 1st period - Snap shot by T.J. Oshie.
0:26 of 1st period - Stopped by Ilya Samsonov without a rebound.
0:27 of 1st period - Tyler Seguin wins face-off versus Adam Henrique in San Jose Sharks zone.
1:02 of 1st period - Wrist shot by Ryan Hartman.
1:02 of 1st period - Stopped by Jaroslav Halak with a rebound.
1:04 of 1st period - Slapshot by Ryan Hartman.
1:04 of 1st period - Shot Blocked by Jani Hakanpaa.
1:06 of 1st period - Backhand shot by Ryan Hartman.
1:06 of 1st period - Deflect By Ilya Mikheyev.
1:06 of 1st period - Stopped by Jaroslav Halak without a rebound.
1:07 of 1st period - John Hayden wins face-off versus Alex Belzile in Arizona Coyotes zone.
1:08 of 1st period - Snap shot by Victor Olofsson.
1:08 of 1st period - Stopped by Jaroslav Halak with a rebound.
1:43 of 1st period - Snap shot by Charlie Coyle.
1:43 of 1st period - Shot Blocked by Ilya Mikheyev.
2:00 of 1st period - T.J. Oshie is hit by Derek Forbort and loses puck.
2:41 of 1st period - Connor Murphy is hit by Jani Hakanpaa and loses puck.
3:27 of 1st period - William Karlsson is hit by T.J. Oshie and loses puck.
4:02 of 1st period - Alex Belzile is hit by John Hayden and loses puck.
4:11 of 1st period - Wrist shot by Andreas Athanasiou.
4:11 of 1st period - Deflect By Victor Olofsson.
4:11 of 1st period - Shot Blocked by Radko Gudas.
4:11 of 1st period - Puck is out of play.
4:12 of 1st period - Claude Giroux wins face-off versus William Karlsson in Arizona Coyotes zone.
4:19 of 1st period - Wrist shot by Dylan Strome.
4:19 of 1st period - Stopped by Jaroslav Halak without a rebound.
4:20 of 1st period - William Karlsson wins face-off versus Claude Giroux in Arizona Coyotes zone.
4:23 of 1st period - Snap shot by Valeri Nichushkin.
4:23 of 1st period - Shot Misses the Net.
4:25 of 1st period - Snap shot by Valeri Nichushkin.
4:25 of 1st period - Shot Blocked by Brayden McNabb.
4:27 of 1st period - Slapshot by Connor Murphy.
4:27 of 1st period - Stopped by Jaroslav Halak without a rebound.
4:27 of 1st period - Minor Penalty to Jaroslav Halak for Slashing.
4:28 of 1st period - Adam Henrique wins face-off versus Jakob Silfverberg in Arizona Coyotes zone.
6:27 of 1st period - Penalty to Charlie Coyle is over, Charlie Coyle is back on ice.
6:30 of 1st period - Snap shot by James van Riemsdyk.
6:30 of 1st period - Stopped by Ilya Samsonov without a rebound.
6:31 of 1st period - Brandon Tanev wins face-off versus Ryan Hartman in San Jose Sharks zone.
6:32 of 1st period - Slapshot by James van Riemsdyk.
6:32 of 1st period - Stopped by Ilya Samsonov with a rebound.
6:38 of 1st period - Snap shot by Brandon Tanev.
6:38 of 1st period - Deflect By James van Riemsdyk.
6:38 of 1st period - Stopped by Ilya Samsonov without a rebound.
6:39 of 1st period - Tyler Seguin wins face-off versus Ryan Hartman in San Jose Sharks zone.
6:42 of 1st period - Slapshot by Mason McTavish.
6:42 of 1st period - Stopped by Ilya Samsonov without a rebound.
6:43 of 1st period - Ryan Hartman wins face-off versus Tyler Seguin in San Jose Sharks zone.
6:52 of 1st period - Wrist shot by Ilya Mikheyev.
6:52 of 1st period - Deflect By Jack Roslovic.
6:52 of 1st period - Stopped by Jaroslav Halak without a rebound.
6:53 of 1st period - Christian Dvorak wins face-off versus Claude Giroux in Arizona Coyotes zone.
7:46 of 1st period - Snap shot by Ryan Hartman.
7:46 of 1st period - Stopped by Jaroslav Halak without a rebound.
7:47 of 1st period - William Karlsson wins face-off versus Claude Giroux in Arizona Coyotes zone.
8:23 of 1st period - Wrist shot by Christian Dvorak.
8:23 of 1st period - Shot Misses the Net.
9:45 of 1st period - Snap shot by Mason McTavish.
9:45 of 1st period - Stopped by Ilya Samsonov with a rebound.
10:07 of 1st period - Matt Dumba is hit by Connor Murphy.
10:29 of 1st period - Snap shot by Brandon Tanev.
10:29 of 1st period - Stopped by Ilya Samsonov with a rebound.
10:54 of 1st period - Minor Penalty to Radko Gudas for Hooking.
10:55 of 1st period - William Karlsson wins face-off versus Charlie Coyle in Arizona Coyotes zone.
11:11 of 1st period - Snap shot by Claude Giroux.
11:11 of 1st period - Stopped by Ilya Samsonov without a rebound.
11:12 of 1st period - Charlie Coyle wins face-off versus Adam Henrique in San Jose Sharks zone.
11:48 of 1st period - Wrist shot by Christian Dvorak.
11:48 of 1st period - Goal by Christian Dvorak - Arizona Coyotes : 0 - San Jose Sharks : 1.
11:49 of 1st period - Adam Henrique wins face-off versus Claude Giroux in neutral zone.
11:52 of 1st period - Snap shot by Christian Dvorak.
11:52 of 1st period - Stopped by Jaroslav Halak with a rebound.
12:45 of 1st period - Wrist shot by Ivan Barbashev.
12:45 of 1st period - Goal by Ivan Barbashev - Arizona Coyotes : 0 - San Jose Sharks : 2.
12:46 of 1st period - William Karlsson wins face-off versus Charlie Coyle in neutral zone.
12:48 of 1st period - Off-side.
12:49 of 1st period - William Karlsson wins face-off versus Claude Giroux in neutral zone.
12:58 of 1st period - Slapshot by William Karlsson.
12:58 of 1st period - Shot Misses the Net.
13:06 of 1st period - Snap shot by Valeri Nichushkin.
13:06 of 1st period - Shot Misses the Net.
13:55 of 1st period - Icing by Erik Haula.
13:56 of 1st period - Alex Belzile wins face-off versus John Hayden in Arizona Coyotes zone.
14:03 of 1st period - Wrist shot by James van Riemsdyk.
14:03 of 1st period - Stopped by Ilya Samsonov with a rebound.
14:05 of 1st period - Snap shot by Brandon Tanev.
14:05 of 1st period - Shot Misses the Net.
14:23 of 1st period - Charlie Coyle is hit by Simon Nemec and loses puck.
15:30 of 1st period - Wrist shot by Adam Henrique.
15:30 of 1st period - Shot Misses the Net.
15:32 of 1st period - Slapshot by Ivan Barbashev.
15:32 of 1st period - Shot Blocked by Dmitry Orlov.
15:34 of 1st period - Backhand shot by Connor Murphy.
15:34 of 1st period - Shot Misses the Net.
15:36 of 1st period - Slapshot by Christopher Tanev.
15:36 of 1st period - Deflect By Adam Henrique.
15:36 of 1st period - Shot Misses the Net.
15:36 of 1st period - Puck is out of play.
15:37 of 1st period - William Karlsson wins face-off versus Tyler Seguin in Arizona Coyotes zone.
16:04 of 1st period - Claude Giroux is hit by Ryan Hartman and loses puck.
16:38 of 1st period - Matt Dumba is hit by Andreas Athanasiou.
16:48 of 1st period - Wrist shot by Tyler Seguin.
16:48 of 1st period - Shot Blocked by Simon Nemec.
16:50 of 1st period - Snap shot by Tyler Seguin.
16:50 of 1st period - Shot Misses the Net.
17:32 of 1st period - James van Riemsdyk is hit by Zachary Werenski and loses puck.
17:39 of 1st period - Wrist shot by Brandon Tanev.
17:39 of 1st period - Stopped by Ilya Samsonov without a rebound.
17:40 of 1st period - Adam Henrique wins face-off versus Claude Giroux in San Jose Sharks zone.
17:40 of 1st period - Adam Henrique is hit by Charlie Coyle.
18:17 of 1st period - Snap shot by Mason McTavish.
18:17 of 1st period - Shot Misses the Net.
18:34 of 1st period - Icing by Christopher Tanev.
18:35 of 1st period - Erik Haula wins face-off versus Ryan Hartman in San Jose Sharks zone.
18:48 of 1st period - Snap shot by Jack Roslovic.
18:48 of 1st period - Shot Misses the Net.
19:00 of 1st period - Snap shot by Ondrej Palat.
19:00 of 1st period - Shot Misses the Net.
19:02 of 1st period - Snap shot by Erik Haula.
19:02 of 1st period - Shot Misses the Net.
19:04 of 1st period - Slapshot by Jani Hakanpaa.
19:04 of 1st period - Shot Misses the Net.
19:06 of 1st period - Snap shot by Jared Spurgeon.
19:06 of 1st period - Deflect By Ryan Hartman.
19:06 of 1st period - Stopped by Ilya Samsonov with a rebound.
19:16 of 1st period - Snap shot by Erik Haula.
19:16 of 1st period - Stopped by Ilya Samsonov with a rebound.
19:26 of 1st period - Wrist shot by Ondrej Palat.
19:26 of 1st period - Stopped by Ilya Samsonov with a rebound.
19:36 of 1st period - Wrist shot by Ondrej Palat.
19:36 of 1st period - Shot Misses the Net.
19:38 of 1st period - Slapshot by Brayden McNabb.
19:38 of 1st period - Deflect By Jakob Silfverberg.
19:38 of 1st period - Stopped by Ilya Samsonov without a rebound.
19:39 of 1st period - Claude Giroux wins face-off versus William Karlsson in San Jose Sharks zone.
Goals for this period are 0 for Arizona Coyotes vs 2 for San Jose Sharks.
Shots for this period are 14 for Arizona Coyotes vs 10 for San Jose Sharks.
2nd period
0:01 of 2nd period - William Karlsson wins face-off versus Claude Giroux in neutral zone.
0:49 of 2nd period - Wrist shot by Jakob Silfverberg.
0:49 of 2nd period - Stopped by Ilya Samsonov with a rebound.
0:51 of 2nd period - Slapshot by Brayden McNabb.
0:51 of 2nd period - Stopped by Ilya Samsonov with a rebound.
0:53 of 2nd period - Slapshot by Jakob Silfverberg.
0:53 of 2nd period - Shot Blocked by Victor Olofsson.
0:55 of 2nd period - Wrist shot by Erik Haula.
0:55 of 2nd period - Stopped by Ilya Samsonov with a rebound.
1:41 of 2nd period - Wrist shot by Mats Zuccarello.
1:41 of 2nd period - Shot Misses the Net.
2:16 of 2nd period - Snap shot by Ilya Mikheyev.
2:16 of 2nd period - Stopped by Jaroslav Halak with a rebound.
2:18 of 2nd period - Slapshot by Connor Murphy.
2:18 of 2nd period - Stopped by Jaroslav Halak with a rebound.
2:20 of 2nd period - Slapshot by Christopher Tanev.
2:20 of 2nd period - Shot Misses the Net.
2:22 of 2nd period - Wrist shot by Ilya Mikheyev.
2:22 of 2nd period - Shot Blocked by Mason McTavish.
2:24 of 2nd period - Slapshot by Christopher Tanev.
2:24 of 2nd period - Shot Misses the Net.
3:06 of 2nd period - Snap shot by Charlie Coyle.
3:06 of 2nd period - Shot Blocked by Valeri Nichushkin.
3:08 of 2nd period - Slapshot by Jared Spurgeon.
3:08 of 2nd period - Deflect By Mats Zuccarello.
3:08 of 2nd period - Stopped by Ilya Samsonov with a rebound.
3:10 of 2nd period - Wrist shot by Claude Giroux.
3:10 of 2nd period - Stopped by Ilya Samsonov with a rebound.
3:45 of 2nd period - Minor Penalty to Matt Dumba for Roughing.
3:46 of 2nd period - Charlie Coyle wins face-off versus Adam Henrique in Arizona Coyotes zone.
4:29 of 2nd period - Zachary Werenski is hit by Radko Gudas and loses puck.
5:42 of 2nd period - Icing by Zachary Werenski.
5:43 of 2nd period - Adam Henrique wins face-off versus Tyler Seguin in San Jose Sharks zone.
5:45 of 2nd period - Penalty to Matt Dumba is over, Matt Dumba is back on ice.
6:33 of 2nd period - Tyler Seguin is hit by Christian Dvorak and loses puck.
6:55 of 2nd period - Christopher Tanev is hit by Brandon Tanev and loses puck.
7:13 of 2nd period - Off-side.
7:14 of 2nd period - Claude Giroux wins face-off versus Ilya Mikheyev in neutral zone.
7:21 of 2nd period - Slapshot by Charlie Coyle.
7:21 of 2nd period - Shot Misses the Net.
7:27 of 2nd period - Slapshot by Zachary Werenski.
7:27 of 2nd period - Deflect By Ryan Hartman.
7:27 of 2nd period - Shot Misses the Net.
7:27 of 2nd period - Puck is out of play.
7:28 of 2nd period - Claude Giroux wins face-off versus Adam Henrique in Arizona Coyotes zone.
8:05 of 2nd period - Snap shot by T.J. Oshie.
8:05 of 2nd period - Shot Hit the Post.
8:07 of 2nd period - Slapshot by Jared Spurgeon.
8:07 of 2nd period - Shot Blocked by Connor Murphy.
8:09 of 2nd period - Snap shot by Tyler Seguin.
8:09 of 2nd period - Deflect By Mason McTavish.
8:09 of 2nd period - Deflect By Connor Murphy.
8:09 of 2nd period - Shot Misses the Net.
8:09 of 2nd period - Puck is out of play.
8:10 of 2nd period - William Karlsson wins face-off versus Erik Haula in San Jose Sharks zone.
8:25 of 2nd period - Snap shot by Ondrej Palat.
8:25 of 2nd period - Goal by Ondrej Palat - Arizona Coyotes : 1 - San Jose Sharks : 2.
8:26 of 2nd period - Claude Giroux wins face-off versus Adam Henrique in neutral zone.
8:33 of 2nd period - Backhand shot by Zachary Werenski.
8:33 of 2nd period - Shot Misses the Net.
8:35 of 2nd period - Snap shot by Christian Dvorak.
8:35 of 2nd period - Goal by Christian Dvorak - Arizona Coyotes : 1 - San Jose Sharks : 3.
8:35 of 2nd period - Carter Hart enters game.
8:36 of 2nd period - Claude Giroux wins face-off versus Adam Henrique in neutral zone.
8:47 of 2nd period - Icing by Adam Henrique.
8:48 of 2nd period - Adam Henrique wins face-off versus Claude Giroux in San Jose Sharks zone.
9:00 of 2nd period - Snap shot by Charlie Coyle.
9:00 of 2nd period - Stopped by Ilya Samsonov without a rebound.
9:01 of 2nd period - William Karlsson wins face-off versus Mats Zuccarello in San Jose Sharks zone.
9:01 of 2nd period - William Karlsson is hit by Charlie Coyle.
9:09 of 2nd period - Wrist shot by Claude Giroux.
9:09 of 2nd period - Stopped by Ilya Samsonov without a rebound.
9:10 of 2nd period - Charlie Coyle wins face-off versus William Karlsson in San Jose Sharks zone.
9:19 of 2nd period - Wrist shot by Charlie Coyle.
9:19 of 2nd period - Stopped by Ilya Samsonov without a rebound.
9:20 of 2nd period - Claude Giroux wins face-off versus Valeri Nichushkin in San Jose Sharks zone.
9:21 of 2nd period - Snap shot by Mats Zuccarello.
9:21 of 2nd period - Goal by Mats Zuccarello - Arizona Coyotes : 2 - San Jose Sharks : 3.
9:22 of 2nd period - Claude Giroux wins face-off versus Adam Henrique in neutral zone.
10:10 of 2nd period - Icing by Zachary Werenski.
10:11 of 2nd period - Adam Henrique wins face-off versus Tyler Seguin in San Jose Sharks zone.
10:24 of 2nd period - Slapshot by Dylan Strome.
10:24 of 2nd period - Stopped by Carter Hart without a rebound.
10:25 of 2nd period - William Karlsson wins face-off versus Claude Giroux in Arizona Coyotes zone.
11:17 of 2nd period - Slapshot by Adam Henrique.
11:17 of 2nd period - Stopped by Carter Hart without a rebound.
11:18 of 2nd period - Erik Haula wins face-off versus Adam Henrique in Arizona Coyotes zone.
11:23 of 2nd period - Derek Forbort is hit by Erik Haula and loses puck.
11:55 of 2nd period - Wrist shot by Christian Dvorak.
11:55 of 2nd period - Shot Misses the Net.
11:57 of 2nd period - Snap shot by Ivan Barbashev.
11:57 of 2nd period - Stopped by Carter Hart without a rebound.
11:58 of 2nd period - Claude Giroux wins face-off versus William Karlsson in Arizona Coyotes zone.
12:12 of 2nd period - Icing by Dmitry Orlov.
12:13 of 2nd period - Claude Giroux wins face-off versus Ryan Hartman in Arizona Coyotes zone.
12:13 of 2nd period - Claude Giroux is hit by Derek Forbort.
12:20 of 2nd period - Off-side.
12:21 of 2nd period - Tyler Seguin wins face-off versus Ryan Hartman in neutral zone.
12:32 of 2nd period - Wrist shot by Ilya Mikheyev.
12:32 of 2nd period - Stopped by Carter Hart with a rebound.
12:46 of 2nd period - Valeri Nichushkin is hit by Claude Giroux and loses puck.
13:06 of 2nd period - Icing by Derek Forbort.
13:07 of 2nd period - Erik Haula wins face-off versus John Hayden in San Jose Sharks zone.
13:08 of 2nd period - Snap shot by Ondrej Palat.
13:08 of 2nd period - Stopped by Ilya Samsonov without a rebound.
13:09 of 2nd period - John Hayden wins face-off versus Erik Haula in San Jose Sharks zone.
13:34 of 2nd period - Mason McTavish is hit by William Karlsson and loses puck.
13:39 of 2nd period - Snap shot by Valeri Nichushkin.
13:39 of 2nd period - Goal by Valeri Nichushkin - Arizona Coyotes : 2 - San Jose Sharks : 4.
13:40 of 2nd period - Claude Giroux wins face-off versus William Karlsson in neutral zone.
14:07 of 2nd period - Zachary Werenski is hit by Jani Hakanpaa and loses puck.
14:20 of 2nd period - Snap shot by T.J. Oshie.
14:20 of 2nd period - Stopped by Ilya Samsonov without a rebound.
14:21 of 2nd period - Ondrej Palat wins face-off versus Adam Henrique in San Jose Sharks zone.
14:26 of 2nd period - Backhand shot by Ondrej Palat.
14:26 of 2nd period - Shot Blocked by Ivan Barbashev.
14:28 of 2nd period - Wrist shot by Radko Gudas.
14:28 of 2nd period - Stopped by Ilya Samsonov with a rebound.
16:02 of 2nd period - Snap shot by Jared Spurgeon.
16:02 of 2nd period - Shot Blocked by Adam Henrique.
17:52 of 2nd period - Minor Penalty to Connor Murphy for Holding.
17:53 of 2nd period - Claude Giroux wins face-off versus Valeri Nichushkin in San Jose Sharks zone.
17:54 of 2nd period - Wrist shot by Mats Zuccarello.
17:54 of 2nd period - Stopped by Ilya Samsonov with a rebound.
17:56 of 2nd period - Slapshot by Jared Spurgeon.
17:56 of 2nd period - Shot Misses the Net.
18:47 of 2nd period - Off-side.
18:48 of 2nd period - Claude Giroux wins face-off versus Dylan Strome in neutral zone.
18:58 of 2nd period - Off-side.
18:59 of 2nd period - Claude Giroux wins face-off versus William Karlsson in neutral zone.
19:06 of 2nd period - Slapshot by Charlie Coyle.
19:06 of 2nd period - Stopped by Ilya Samsonov with a rebound.
19:11 of 2nd period - Off-side.
19:12 of 2nd period - Claude Giroux wins face-off versus Valeri Nichushkin in neutral zone.
19:52 of 2nd period - Penalty to Connor Murphy is over, Connor Murphy is back on ice.
Goals for this period are 2 for Arizona Coyotes vs 2 for San Jose Sharks.
Shots for this period are 15 for Arizona Coyotes vs 8 for San Jose Sharks.
3rd period
0:01 of 3rd period - Mats Zuccarello wins face-off versus Adam Henrique in neutral zone.
0:45 of 3rd period - Icing by Valeri Nichushkin.
0:46 of 3rd period - Erik Haula wins face-off versus John Hayden in San Jose Sharks zone.
1:17 of 3rd period - Backhand shot by Adam Henrique.
1:17 of 3rd period - Stopped by Carter Hart with a rebound.
1:19 of 3rd period - Wrist shot by Christian Dvorak.
1:19 of 3rd period - Shot Blocked by Claude Giroux.
1:21 of 3rd period - Wrist shot by Christian Dvorak.
1:21 of 3rd period - Stopped by Carter Hart with a rebound.
1:33 of 3rd period - Snap shot by Tyler Seguin.
1:33 of 3rd period - Stopped by Ilya Samsonov without a rebound.
1:34 of 3rd period - Mason McTavish wins face-off versus William Karlsson in San Jose Sharks zone.
1:45 of 3rd period - Snap shot by Mason McTavish.
1:45 of 3rd period - Shot Misses the Net.
1:54 of 3rd period - Icing by Valeri Nichushkin.
1:55 of 3rd period - William Karlsson wins face-off versus Claude Giroux in San Jose Sharks zone.
2:02 of 3rd period - Wrist shot by Dylan Strome.
2:02 of 3rd period - Stopped by Carter Hart with a rebound.
2:04 of 3rd period - Snap shot by Christopher Tanev.
2:04 of 3rd period - Shot Blocked by Claude Giroux.
2:06 of 3rd period - Wrist shot by Valeri Nichushkin.
2:06 of 3rd period - San Jose Sharks goal is going for a video replay.
2:06 of 3rd period - The goal is good.
2:06 of 3rd period - Goal by Valeri Nichushkin - Arizona Coyotes : 2 - San Jose Sharks : 5.
2:07 of 3rd period - Adam Henrique wins face-off versus Claude Giroux in neutral zone.
3:23 of 3rd period - Snap shot by Ondrej Palat.
3:23 of 3rd period - Deflect By Erik Haula.
3:23 of 3rd period - Stopped by Ilya Samsonov with a rebound.
4:01 of 3rd period - Snap shot by Jack Roslovic.
4:01 of 3rd period - Shot Misses the Net.
4:03 of 3rd period - Wrist shot by Ryan Hartman.
4:03 of 3rd period - Shot Blocked by Jani Hakanpaa.
4:05 of 3rd period - Snap shot by Zachary Werenski.
4:05 of 3rd period - Shot Misses the Net.
4:07 of 3rd period - Snap shot by Ryan Hartman.
4:07 of 3rd period - Goal by Ryan Hartman - Arizona Coyotes : 2 - San Jose Sharks : 6.
4:07 of 3rd period - Jaroslav Halak enters game.
4:08 of 3rd period - Charlie Coyle wins face-off versus Ryan Hartman in neutral zone.
4:25 of 3rd period - Wrist shot by Mats Zuccarello.
4:25 of 3rd period - Stopped by Ilya Samsonov with a rebound.
4:35 of 3rd period - Snap shot by Ondrej Palat.
4:35 of 3rd period - Deflect By Jakob Silfverberg.
4:35 of 3rd period - Shot Misses the Net.
4:35 of 3rd period - Puck is out of play.
4:36 of 3rd period - Adam Henrique wins face-off versus Erik Haula in San Jose Sharks zone.
4:48 of 3rd period - Snap shot by Adam Henrique.
4:48 of 3rd period - Shot Misses the Net.
5:12 of 3rd period - Wrist shot by Valeri Nichushkin.
5:12 of 3rd period - Stopped by Jaroslav Halak with a rebound.
5:30 of 3rd period - Snap shot by Ilya Mikheyev.
5:30 of 3rd period - Stopped by Jaroslav Halak with a rebound.
5:32 of 3rd period - Slapshot by Simon Nemec.
5:32 of 3rd period - Shot Blocked by Tyler Seguin.
5:42 of 3rd period - Snap shot by Tyler Seguin.
5:42 of 3rd period - Stopped by Ilya Samsonov without a rebound.
5:43 of 3rd period - John Hayden wins face-off versus Alex Belzile in San Jose Sharks zone.
6:02 of 3rd period - Zachary Werenski is hit by Brayden McNabb and loses puck.
6:33 of 3rd period - Wrist shot by Victor Olofsson.
6:33 of 3rd period - Stopped by Jaroslav Halak without a rebound.
6:34 of 3rd period - Adam Henrique wins face-off versus Claude Giroux in Arizona Coyotes zone.
6:37 of 3rd period - Slapshot by Christian Dvorak.
6:37 of 3rd period - Goal by Christian Dvorak - Arizona Coyotes : 2 - San Jose Sharks : 7.
6:38 of 3rd period - Claude Giroux wins face-off versus William Karlsson in neutral zone.
6:41 of 3rd period - Derek Forbort is hit by Charlie Coyle and loses puck.
7:50 of 3rd period - Wrist shot by Ryan Hartman.
7:50 of 3rd period - Deflect By Jack Roslovic.
7:50 of 3rd period - Stopped by Jaroslav Halak with a rebound.
7:54 of 3rd period - Snap shot by Jack Roslovic.
7:54 of 3rd period - Shot Misses the Net.
7:56 of 3rd period - Slapshot by Jack Roslovic.
7:56 of 3rd period - Deflect By Ryan Hartman.
7:56 of 3rd period - Shot Misses the Net.
7:56 of 3rd period - Puck is out of play.
7:57 of 3rd period - Charlie Coyle wins face-off versus William Karlsson in Arizona Coyotes zone.
8:14 of 3rd period - Snap shot by Charlie Coyle.
8:14 of 3rd period - Stopped by Ilya Samsonov with a rebound.
8:34 of 3rd period - Wrist shot by Jack Roslovic.
8:34 of 3rd period - Stopped by Jaroslav Halak with a rebound.
8:36 of 3rd period - Snap shot by Ryan Hartman.
8:36 of 3rd period - Shot Misses the Net.
8:54 of 3rd period - Off-side.
8:55 of 3rd period - William Karlsson wins face-off versus Claude Giroux in neutral zone.
9:08 of 3rd period - Slapshot by Connor Murphy.
9:08 of 3rd period - Shot Blocked by Dmitry Orlov.
9:10 of 3rd period - Snap shot by Dylan Strome.
9:10 of 3rd period - Deflect By William Karlsson.
9:10 of 3rd period - Shot Blocked by Claude Giroux.
9:10 of 3rd period - Puck is out of play.
9:11 of 3rd period - Adam Henrique wins face-off versus Tyler Seguin in Arizona Coyotes zone.
9:23 of 3rd period - Minor Penalty to T.J. Oshie for Roughing.
9:24 of 3rd period - Charlie Coyle wins face-off versus Dylan Strome in Arizona Coyotes zone.
9:41 of 3rd period - Off-side.
9:42 of 3rd period - William Karlsson wins face-off versus Charlie Coyle in neutral zone.
10:20 of 3rd period - Snap shot by Christian Dvorak.
10:20 of 3rd period - Stopped by Jaroslav Halak with a rebound.
10:22 of 3rd period - Backhand shot by Christopher Tanev.
10:22 of 3rd period - Stopped by Jaroslav Halak with a rebound.
10:34 of 3rd period - William Karlsson is hit by Charlie Coyle and loses puck.
10:49 of 3rd period - Snap shot by Ivan Barbashev.
10:49 of 3rd period - Goal by Ivan Barbashev - Arizona Coyotes : 2 - San Jose Sharks : 8.
10:50 of 3rd period - Ryan Hartman wins face-off versus Tyler Seguin in neutral zone.
10:50 of 3rd period - Ryan Hartman is hit by T.J. Oshie.
11:10 of 3rd period - Jack Roslovic is hit by T.J. Oshie and loses puck.
12:07 of 3rd period - Slapshot by Matt Dumba.
12:07 of 3rd period - Shot Misses the Net.
12:56 of 3rd period - Christopher Tanev is hit by Radko Gudas and loses puck.
14:08 of 3rd period - Wrist shot by Ilya Mikheyev.
14:08 of 3rd period - Shot Misses the Net.
14:10 of 3rd period - Wrist shot by Ryan Hartman.
14:10 of 3rd period - Shot Misses the Net.
14:12 of 3rd period - Wrist shot by Ryan Hartman.
14:12 of 3rd period - Deflect By Jack Roslovic.
14:12 of 3rd period - Stopped by Jaroslav Halak with a rebound.
14:14 of 3rd period - Wrist shot by Jack Roslovic.
14:14 of 3rd period - Shot Blocked by Jared Spurgeon.
14:16 of 3rd period - Snap shot by Jack Roslovic.
14:16 of 3rd period - Shot Blocked by Claude Giroux.
14:18 of 3rd period - Slapshot by Anthony Deangelo.
14:18 of 3rd period - Stopped by Jaroslav Halak without a rebound.
14:19 of 3rd period - Adam Henrique wins face-off versus Mason McTavish in Arizona Coyotes zone.
14:28 of 3rd period - Slapshot by Ivan Barbashev.
14:28 of 3rd period - Shot Misses the Net.
14:30 of 3rd period - Slapshot by Derek Forbort.
14:30 of 3rd period - Stopped by Jaroslav Halak with a rebound.
14:32 of 3rd period - Snap shot by Derek Forbort.
14:32 of 3rd period - Shot Blocked by Brayden McNabb.
14:34 of 3rd period - Snap shot by Christian Dvorak.
14:34 of 3rd period - Shot Misses the Net.
14:59 of 3rd period - Icing by Dmitry Orlov.
15:00 of 3rd period - Erik Haula wins face-off versus John Hayden in Arizona Coyotes zone.
15:00 of 3rd period - Erik Haula is hit by John Hayden.
15:10 of 3rd period - Slapshot by Victor Olofsson.
15:10 of 3rd period - Stopped by Jaroslav Halak with a rebound.
15:20 of 3rd period - Snap shot by Ondrej Palat.
15:20 of 3rd period - Deflect By Connor Murphy.
15:20 of 3rd period - Stopped by Ilya Samsonov with a rebound.
15:22 of 3rd period - Slapshot by Dmitry Orlov.
15:22 of 3rd period - Shot Blocked by John Hayden.
15:58 of 3rd period - Andreas Athanasiou is hit by Brayden McNabb and loses puck.
16:11 of 3rd period - Wrist shot by Andreas Athanasiou.
16:11 of 3rd period - Stopped by Jaroslav Halak with a rebound.
16:23 of 3rd period - Snap shot by Jakob Silfverberg.
16:23 of 3rd period - Stopped by Ilya Samsonov with a rebound.
16:25 of 3rd period - Slapshot by Ondrej Palat.
16:25 of 3rd period - Stopped by Ilya Samsonov without a rebound.
16:26 of 3rd period - Adam Henrique wins face-off versus Claude Giroux in San Jose Sharks zone.
18:11 of 3rd period - Matt Dumba is hit by Adam Henrique and loses puck.
18:44 of 3rd period - Adam Henrique is hit by Brandon Tanev and loses puck.
19:29 of 3rd period - Minor Penalty to T.J. Oshie for Holding.
19:30 of 3rd period - Charlie Coyle wins face-off versus Adam Henrique in Arizona Coyotes zone.
Goals for this period are 0 for Arizona Coyotes vs 4 for San Jose Sharks.
Shots for this period are 8 for Arizona Coyotes vs 19 for San Jose Sharks.
Back to the Top